 Dungeon Crawl Stone Soup version 0.26.1-2-gb8aa6d0cf2 (webtiles) character file.

Game seed: 8120347576747198811

328 kreisler the Sneak (level 6, -10/39 HPs)
             Began as an Octopode Brigand on Feb 12, 2021.
             Mangled by ew1980's ghost (14 damage)
             ... on level 3 of the Dungeon.
             The game lasted 00:10:59 (3026 turns).

kreisler the Sneak (Octopode Brigand)               Turns: 3026, Time: 00:11:00

Health: -10/39     AC:  1    Str: 11    XL:     6   Next: 50%
Magic:  7/7        EV: 13    Int: 14    God:
Gold:   153        SH:  0    Dex: 14    Spells: 5/5 levels left

rFire    . . .     SeeInvis .   a - +2 dagger
rCold    . . .     Faith    .   (no shield)
rNeg     . . .     Spirit   .   (helmet restricted)
rPois    .         Reflect  .   (no amulet)
rElec    .         Harm     .   (no ring)
rCorr    .         Rampage  .   (no ring)
Will     .....                  (no ring)
Stlth    ++++......             (no ring)
HPRegen  0.13/turn              (no ring)
MPRegen  0.10/turn              (no ring)
                                (no ring)
                                (no ring)

@: no status effects
A: almost no armour, stealthy swim, amphibious, 8 rings, constrict 8, camouflage
1, mutation resistance 1, gelatinous body 1
a: no special abilities


You were on level 3 of the Dungeon.
You visited 1 branch of the dungeon, and saw 3 of its levels.

You collected 153 gold pieces.

Inventory:

Hand Weapons
 a - a +2 dagger (weapon)
Missiles
 b - 8 poisoned darts (quivered)
 c - 2 curare-tipped darts
Jewellery
 e - an uncursed ring of protection from fire
 n - an uncursed amulet of guardian spirit {unknown}
Wands
 k - a wand of flame (23)
Scrolls
 d - 4 scrolls of identify
 g - 3 scrolls of teleportation
 h - a scroll of remove curse
 i - 2 scrolls of enchant weapon {unknown}
 l - a scroll of fear
 m - a scroll of enchant armour
Potions
 f - a potion of mutation
 j - a potion of brilliance {unknown}
 o - a potion of might


   Skills:
 + Level 2.3 Fighting
 + Level 2.8(3.1) Short Blades
 + Level 1.6(2.5) Long Blades
 + Level 1.6(2.4) Axes
 + Level 1.6(2.4) Maces & Flails
 + Level 1.6(2.4) Polearms
 + Level 1.6(2.4) Staves
 + Level 1.6(2.3) Slings
 + Level 1.6 Bows
 + Level 1.6 Crossbows
 + Level 2.4(2.7) Throwing
 + Level 2.0 Dodging
 + Level 7.1 Stealth
 + Level 1.6 Shields
 + Level 2.0 Unarmed Combat
 + Level 1.8 Conjurations
 + Level 1.6 Hexes
 + Level 1.6 Summonings
 + Level 1.6 Necromancy
 + Level 2.4 Translocations
 + Level 1.6 Transmutations
 + Level 1.6 Fire Magic
 + Level 1.6 Ice Magic
 + Level 2.6 Air Magic
 + Level 2.1 Earth Magic
 + Level 2.1 Poison Magic
 + Level 1.9 Invocations
 + Level 1.9 Evocations


You had 5 spell levels left.
You didn't know any spells.
Your spell library was empty.

Dungeon Overview and Level Annotations

Branches:
Dungeon (3/15)

Altars:
Fedhas

Annotations:
D:3 ew1980's ghost, amateur MiFi


Innate Abilities, Weirdness & Mutations

You cannot wear most types of armour.
You are very stealthy in the water. (Stealth+)
You are amphibious.
You can wear up to eight rings at the same time.
You can use your tentacles to constrict eight enemies at once.
Your skin changes colour to match your surroundings (Stealth+).
Your rubbery body absorbs attacks. (AC +1, EV +1)
You are somewhat resistant to further mutation.


Message History

You hit ew1980's ghost. You squeeze ew1980's ghost.
Ew1980's ghost is lightly damaged.
Ew1980's ghost misses you.
You hit ew1980's ghost but do no damage.
Ew1980's ghost is lightly damaged.
Ew1980's ghost barely misses you.
You barely miss ew1980's ghost.
Ew1980's ghost is lightly damaged.
Ew1980's ghost hits you!
You hit ew1980's ghost but do no damage.
Ew1980's ghost is lightly damaged.
Ew1980's ghost closely misses you.
You closely miss ew1980's ghost. You squeeze ew1980's ghost!
Ew1980's ghost is moderately damaged.
Ew1980's ghost hits you!
* * * LOW HITPOINT WARNING * * *
You hit ew1980's ghost but do no damage.
Ew1980's ghost is moderately damaged.
Ew1980's ghost hits you!
You die...

...............#
#.##....##.##
################
#.##..#.....#
#.#.........#
#.#.........###
#####.......#......
#P8P#...##...##.###
#.$.######......# #
###W## #.###### #
#..@.# ###.### #
#...## #.....#
#.### #.....# #.#
#.)...# #.##
#.....# #..#
#.....# ##.#
####### #.# #.#


You could see ew1980's ghost.

Vanquished Creatures
  Sigmund (D:3)
  A howler monkey (D:2)
  An adder (D:2)
  2 oozes
  2 worms (D:2)
  A dart slug (D:1)
  A leopard gecko (D:1)
  An orc (D:3)
  5 bats
  5 giant cockroaches
  10 goblins
  4 hobgoblins
  12 kobolds
  8 frilled lizards
  8 rats
62 creatures vanquished.

Notes
Turn   | Place    | Note
-------+----------+-------------------------------------------
     0 | D:1      | kreisler the Octopode Brigand began the quest for the Orb.
     0 | D:1      | Reached XP level 1. HP: 14/14 MP: 1/1
   191 | D:1      | Reached XP level 2. HP: 19/19 MP: 2/2
   311 | D:1      | Reached skill level 6 in Stealth
   359 | D:1      | Reached XP level 3. HP: 24/24 MP: 3/3
   819 | D:1      | Reached skill level 1 in Long Blades
   819 | D:1      | Reached skill level 1 in Axes
   819 | D:1      | Reached skill level 1 in Maces & Flails
   819 | D:1      | Reached skill level 1 in Polearms
   819 | D:1      | Reached skill level 1 in Staves
   819 | D:1      | Reached skill level 1 in Slings
   819 | D:1      | Reached skill level 1 in Bows
   819 | D:1      | Reached skill level 1 in Crossbows
   819 | D:1      | Reached skill level 1 in Shields
   819 | D:1      | Reached skill level 1 in Conjurations
   819 | D:1      | Reached skill level 1 in Hexes
   819 | D:1      | Reached skill level 1 in Summonings
   819 | D:1      | Reached skill level 1 in Necromancy
   819 | D:1      | Reached skill level 1 in Transmutations
   819 | D:1      | Reached skill level 1 in Fire Magic
   819 | D:1      | Reached skill level 1 in Ice Magic
   819 | D:1      | Reached skill level 1 in Invocations
   819 | D:1      | Reached skill level 1 in Evocations
   819 | D:1      | Reached XP level 4. HP: 29/29 MP: 3/5
   893 | D:2      | Reached XP level 5. HP: 33/34 MP: 6/6
  1493 | D:2      | Found a blossoming altar of Fedhas.
  2380 | D:3      | Noticed Sigmund
  2385 | D:3      | Gained mutation: You are somewhat resistant to further
                  | mutation. [potion of mutation]
  2504 | D:3      | Killed Sigmund
  2505 | D:3      | Reached skill level 7 in Stealth
  2505 | D:3      | Reached XP level 6. HP: 6/39 MP: 7/7
  3000 | D:3      | Noticed ew1980's ghost (amateur MiFi)
  3001 | D:3      | Found a runed translucent door.
  3026 | D:3      | Mangled by ew1980's ghost

Illustrated notes

Levels and vault maps discovered:
D:1:      dpeg_arrival_erosion, layout_basic
D:2:      layout_loops_ring, fedhas_altar_fruit_tree
D:3:      layout_loops_cross, gammafunk_ghost_grave, uniq_sigmund

Skill      XL: |  1  2  3  4  5 |
---------------+----------------+-----
Stealth        | 6 7 |  7.1
Long Blades    | 1 |  1.6
Axes           | 1 |  1.6
Maces & Flails | 1 |  1.6
Polearms       | 1 |  1.6
Staves         | 1 |  1.6
Slings         | 1 |  1.6
Bows           | 1 |  1.6
Crossbows      | 1 |  1.6
Shields        | 1 |  1.6
Unarmed Combat | 2 |  2.0
Conjurations   | 1 |  1.8
Hexes          | 1 |  1.6
Summonings     | 1 |  1.6
Necromancy     | 1 |  1.6
Translocations | 2 |  2.4
Transmutations | 1 |  1.6
Fire Magic     | 1 |  1.6
Ice Magic      | 1 |  1.6
Air Magic      | 2 |  2.6
Earth Magic    | 2 |  2.1
Poison Magic   | 2 |  2.1
Invocations    | 1 |  1.9
Evocations     | 1 |  1.9
Dodging        | 2 |  2.0
Fighting       | |  2.3
Short Blades   | |  2.8
Throwing       | |  2.4

Action                   |  1- 3 |  4- 6 || total
-------------------------+-------+-------++-------
Melee: Dagger            |    35 |    88 ||   123
       Constrict         |     8 |    16 ||    24
       Tentacles         |     4 |    12 ||    16
       Punch             |       |     1 ||     1
Throw: Dart              |       |     4 ||     4
  Use: Scroll            |     6 |     3 ||     9
       Potion            |     4 |     4 ||     8
 Stab: Sleeping          |    10 |    12 ||    22
       Distracted        |       |     1 ||     1
Armor: Skin              |     5 |     8 ||    13
Dodge: Dodged            |    19 |    40 ||    59
